 Dungeon Crawl Stone Soup version 0.22-a0-247-gbddf880 (webtiles) character file.

2367 Gildeon the Cleaver (level 9, -3/72 HPs)
             Began as a Minotaur Fighter on Feb 24, 2018.
             Was a Believer of Makhleb.
             Slain by an orc warrior
             ... wielding a +0 hand axe
              (5 damage)
             ... on level 6 of the Dungeon.
             The game lasted 00:26:19 (5057 turns).

Gildeon the Cleaver (Minotaur Fighter)              Turns: 5057, Time: 00:26:20

Health: -3/72      AC: 11    Str: 21    XL:     9   Next: 21%
Magic:  8/8        EV:  6    Int:  7    God:    Makhleb [**....]
Gold:   419        SH:  0    Dex: 11    Spells: 8/8 levels left

rFire    + . .     SeeInvis .   a - +3 war axe
rCold    . . .     Gourm    +   (no shield)
rNeg     . . .     Faith    .   j - +0 plate armour {rF+}
rPois    .         Spirit   .   (helmet restricted)
rElec    .         Reflect  .   (no cloak)
rCorr    .         Harm     .   (no gloves)
MR       .....                  (no boots)
Stlth    ..........             o - amulet of the gourmand
HPRegen  0.22/turn              (no ring)
MPRegen  0.11/turn              (no ring)

@: no status effects
A: retaliatory headbutt, horns 2
a: Minor Destruction, Renounce Religion


You were on level 6 of the Dungeon.
You worshipped Makhleb.
Makhleb was pleased with you.
You were very full.

You visited 1 branch of the dungeon, and saw 7 of its levels.
You also visited: Sewer.

You collected 419 gold pieces.

Inventory:

Hand Weapons
 a - a +3 war axe (weapon)
 b - a +0 shortbow
 n - a +0 flail
Missiles
 r - 92 arrows
Armour
 j - a +0 plate armour of fire resistance (worn)
Jewellery
 o - an amulet of the gourmand (around neck)
Wands
 c - a wand of clouds (6)
 l - a wand of digging (14)
 s - a wand of random effects (18)
Scrolls
 g - a scroll of fog
 i - 6 scrolls of remove curse
 p - 3 scrolls of teleportation
 q - a scroll of blinking
Potions
 d - a potion of lignification {unknown}
 e - a potion of flight
 h - a potion of heal wounds {unknown}
 k - a potion of curing {unknown}
 m - a potion of agility {unknown}
 t - 2 potions of haste {unknown}
 u - a potion of magic {unknown}
Comestibles
 f - 11 rations


   Skills:
 + Level 4.5 Fighting
 - Level 14.0 Axes
 - Level 3.6 Armour
   Level 3.6 Shields


You had 8 spell levels left.
You didn't know any spells.

Dungeon Overview and Level Annotations

Branches:
Dungeon (7/15)             Temple (0/1) D:4

Altars:
Ashenzari
Hepliaklqana
Kikubaaqudgha
Makhleb
Uskayaw
Vehumet
Xom
The Shining One

Shops:
D:4 :


Innate Abilities, Weirdness & Mutations

You reflexively headbutt those who attack you in melee.
You have a pair of horns on your head.


Message History

The orc warrior is severely wounded.
You closely miss the orc warrior.
The orc warrior is severely wounded.
The orc warrior hits you with a hand axe!
* * * LOW HITPOINT WARNING * * *
Your plate armour prevents you from hitting the orc warrior.
You headbutt the orc warrior, but do no damage.
The orc warrior is severely wounded.
The orc warrior hits you with a hand axe!
* * * LOW HITPOINT WARNING * * *
You hit the orc warrior. Your headbutt misses the orc warrior.
The orc warrior is almost dead.
The orc warrior barely misses you.
You hit the orc warrior.
The orc warrior is almost dead.
Okay, then.
Your plate armour prevents you from hitting the orc warrior.
The orc warrior is almost dead.
The orc warrior hits you with a hand axe.
You die...

.........................##
...........................
...................>........
.......................###..
..####.......#####....## ..
...####.....# #....##
#...#.......## ##...##
#...........)###.)..#
##.......##.....@)..#
.....###.######.)o..##
....## #.# #......## ....#
#.# #..#....###..# ...## #.#
#...##......... .... #..
#..#####...###. .... #..
#...# ..## .. #.. #..## .##
.. #... ... .#


You could see an orc warrior.

Vanquished Creatures
  The ghost of galech the Ducker, a novice TrMo of Okawaru (D:6)
  The ghost of Qupu the Poker, a novice DsGl (D:3)
  2 phantoms
  An ogre (D:4)
  A centaur (D:5)
  A crocodile (Sewer)
  4 scorpions
  A howler monkey (D:4)
  3 crimson imps
  2 hounds
  3 orc priests
  The ghost of Anon1729 the Sneak, a weakling FeAE (D:5)
  A jelly (D:5)
  Terence (D:2)
  Jessica (D:3)
  An iguana (D:5)
  5 orc wizards
  6 worker ants
  A hound skeleton (D:4)
  Robin (D:2)
  A worker ant zombie (D:5)
  5 adders
  2 river rats (D:6)
  3 oozes
  An adder skeleton (D:4)
  5 worms
  2 dart slugs
  2 leopard geckos
  24 orcs
  4 giant cockroaches
  16 goblins
  7 hobgoblins
  2 jackals (D:4)
  7 kobolds
  3 quokkas
  2 ball pythons
  11 bats
  5 frilled lizards
  A leopard gecko zombie (D:6)
  6 rats
147 creatures vanquished.

Notes
Turn   | Place    | Note
-------+----------+-------------------------------------------
     0 | D:1      | Gildeon the Minotaur Fighter began the quest for the Orb.
     0 | D:1      | Reached XP level 1. HP: 19/19 MP: 0/0
    96 | D:1      | Reached skill level 3 in Axes
   112 | D:1      | Reached XP level 2. HP: 23/26 MP: 1/1
   178 | D:1      | Found a shattered altar of Ashenzari.
   520 | D:1      | You fall through a shaft!
   601 | D:2      | Reached skill level 4 in Axes
   607 | D:2      | Noticed Robin
   607 | D:2      | Reached XP level 3. HP: 31/31 MP: 2/2
   615 | D:2      | Killed Robin
   647 | D:2      | Reached skill level 5 in Axes
   807 | D:1      | Reached XP level 4. HP: 39/39 MP: 3/3
  1217 | D:2      | Found a burning altar of Makhleb.
  1226 | D:2      | Became a worshipper of Makhleb the Destroyer
  1344 | D:3      | Reached skill level 6 in Axes
  1547 | D:2      | Noticed Terence
  1551 | D:2      | Killed Terence
  1551 | D:2      | Reached XP level 5. HP: 45/45 MP: 4/4
  1848 | D:3      | Noticed Qupu's ghost (novice DsGl)
  1859 | D:3      | Killed Qupu's ghost
  1859 | D:3      | Reached skill level 8 in Axes
  1859 | D:3      | Reached XP level 6. HP: 26/51 MP: 5/5
  2120 | D:3      | Reached skill level 9 in Axes
  2133 | D:3      | Found a radiant altar of Vehumet.
  2355 | D:3      | Found a hazy altar of Hepliaklqana.
  2385 | D:3      | Noticed Jessica
  2391 | D:3      | Killed Jessica
  2532 | D:4      | Reached XP level 7. HP: 49/57 MP: 6/6
  2540 | D:5      | Entered Level 5 of the Dungeon
  2611 | D:4      | Reached skill level 10 in Axes
  2625 | D:4      | Reached * piety under Makhleb
  2800 | D:4      | Found a staircase to the Ecumenical Temple.
  2926 | D:4      | Found Tiusurof's Book Emporium.
  2980 | D:6      | Found a glowing drain.
  2996 | D:6      | Reached skill level 11 in Axes
  3014 | Sewer    | Entered a sewer
  3048 | Sewer    | Reached XP level 8. HP: 64/64 MP: 7/7
  3117 | D:6      | Reached ** piety under Makhleb
  3390 | D:5      | Noticed Anon1729's ghost (weakling FeAE)
  3399 | D:5      | Killed Anon1729's ghost
  3470 | D:5      | Reached skill level 12 in Axes
  3800 | D:5      | Found a shimmering altar of Xom.
  3806 | D:5      | Found a hide-covered altar of Uskayaw.
  3959 | D:6      | Reached skill level 13 in Axes
  4002 | D:6      | Noticed galech's ghost (novice TrMo)
  4048 | D:6      | Killed galech's ghost
  4048 | D:6      | Reached skill level 14 in Axes
  4048 | D:6      | Reached XP level 9. HP: 6/70 MP: 8/8
  4532 | D:7      | Found an ancient bone altar of Kikubaaqudgha.
  4987 | D:6      | Found a glowing golden altar of the Shining One.
  5054 | D:6      | HP: 1/72 [orc warrior/hand axe (7)]
  5057 | D:6      | Slain by an orc warrior

Vault maps used:
D:1:      nzn_arrival_water_spiral, nicolae_ashenzari_panopticon
D:2:      makhleb_heckhound_becter, first_ration, uniq_terence, uniq_robin
D:3:      marbit_many_paths, vehumet_crystals, uniq_jessica
D:4:      minmay_temple_entry_grid, serial_shops, shop
D:5:      minitemple, kennysheep_generic_room_8
D:6:      kennysheep_little_box, cheibrodos_sewer_entry_sluice
D:7:      grunt_temple_overflow_gold_and_silver, lemuel_crystal_altar,
          the_bakery, st_stairs_6
Sewer:    sewer_big_baddie

Skill      XL: |  1  2  3  4  5  6  7  8  9 |
---------------+----------------------------+-----
Axes           | 3 4 5 6 8 9 11 14 | 14.0
Fighting       | 4 |  4.5
Armour         | |  3.6
Shields        | |  3.6

Action                   |  1- 3 |  4- 6 |  7- 9 || total
-------------------------+-------+-------+-------++-------
Melee: War axe           |    58 |    77 |   222 ||   357
       Headbutt          |     5 |     8 |    34 ||    47
Evoke: Wand              |       |       |    12 ||    12
  Use: Scroll            |     5 |     6 |     4 ||    15
       Potion            |       |     2 |     3 ||     5
  Eat: Chunk             |       |     3 |    21 ||    24
       Ration            |       |     1 |       ||     1
Armor: Scale mail        |    44 |       |       ||    44
       Plate armour      |     3 |    35 |   122 ||   160
Dodge: Dodged            |    42 |    22 |    65 ||   129

Table legend:
 A = Spawn XP
 B = Non-spawn XP
 C = Spawn XP percentage of total XP
 D = Spawn monster count
 E = Non-spawn monster count
 F = Spawn count percentage of total count
 G = Total turns spent on level
                    A         B        C        D         E        F      G
               +---------+---------+-------+---------+---------+-------+---------
         Total |       0 |    3382 |   0.0 |       0 |     147 |   0.0 |  5057
               +---------+---------+-------+---------+---------+-------+---------
           D:1 |       0 |      37 |   0.0 |       0 |      22 |   0.0 |  1085
           D:2 |       0 |     180 |   0.0 |       0 |      29 |   0.0 |   800
           D:3 |       0 |     511 |   0.0 |       0 |      17 |   0.0 |   684
           D:4 |       0 |     635 |   0.0 |       0 |      24 |   0.0 |   727
           D:5 |       0 |     642 |   0.0 |       0 |      28 |   0.0 |   660
           D:6 |       0 |    1272 |   0.0 |       0 |      21 |   0.0 |  1018
         Sewer |       0 |     105 |   0.0 |       0 |       6 |   0.0 |    81
               +---------+---------+-------+---------+---------+-------+---------
